 Dungeon Crawl Stone Soup version 0.22.1-2-g9c5b331383 (webtiles) character file.

111 Revguard the Chopper (level 4, -4/41 HPs)
             Began as a Gnoll Chaos Knight on Dec 16, 2018.
             Slain by Grinder (7 damage)
             ... on level 3 of the Dungeon.
             The game lasted 00:07:33 (1826 turns).

Revguard the Chopper (Gnoll Chaos Knight)           Turns: 1826, Time: 00:07:34

Health: -4/41      AC:  5    Str: 20 (21) XL:     4   Next: 92%
Magic:  5/5        EV: 18    Int: 18 (20) God:    Xom [..*...]
Gold:   280        SH:  0    Dex: 16 (19) Spells: 5/5 levels left

rFire    . . .     SeeInvis .   a - +0 hand axe (chaos)
rCold    . . .     Gourm    .   (no shield)
rNeg     . . .     Faith    .   b - +2 leather armour
rPois    .         Spirit   .   (no helmet)
rElec    .         Reflect  .   (no cloak)
rCorr    .         Harm     .   (no gloves)
MR       .....     Rnd*Tele +   (no boots)
Stlth    +++.......             (no amulet)
HPRegen  0.13/turn              e - +6 ring of intelligence
MPRegen  0.09/turn              m - ring of teleportation (curse)

@: mighty, agile
A: distributed training, fangs 1, strong nose
a: Renounce Religion


You were on level 3 of the Dungeon.
You worshipped Xom.
You were a toy of Xom.
You were not hungry.

You visited 1 branch of the dungeon, and saw 3 of its levels.

You collected 280 gold pieces.

Inventory:

Hand Weapons
 a - a +0 hand axe of chaos (weapon)
Armour
 b - a +2 leather armour (worn)
Jewellery
 e - a +6 ring of intelligence (left hand)
 l - an uncursed ring of flight
 m - a cursed ring of teleportation (right hand)
Scrolls
 d - 4 scrolls of magic mapping {unknown}
 f - a scroll of immolation {unknown}
 h - 5 scrolls of identify {unknown}
 i - a scroll of blinking {unknown}
 j - a scroll of teleportation {unknown}
 n - 2 scrolls of enchant armour {unknown}
Potions
 k - a potion of degeneration
Comestibles
 o - a ration


   Skills:
 + Level 6.6 Fighting
 + Level 1.2 Short Blades
 + Level 1.2 Long Blades
 + Level 6.6 Axes
 + Level 1.2 Maces & Flails
 + Level 1.2 Polearms
 + Level 1.2 Staves
 + Level 1.2 Slings
 + Level 1.2 Bows
 + Level 1.2 Crossbows
 + Level 1.2 Throwing
 + Level 4.7 Armour
 + Level 2.8 Dodging
 + Level 1.2 Stealth
 + Level 1.2 Shields
 + Level 1.2 Unarmed Combat
 + Level 1.2 Spellcasting
 + Level 1.0 Conjurations
 + Level 1.0 Hexes
 + Level 1.0 Charms
 + Level 1.0 Summonings
 + Level 1.0 Necromancy
 + Level 1.0 Translocations
 + Level 1.0 Transmutations
 + Level 1.0 Fire Magic
 + Level 1.0 Ice Magic
 + Level 1.0 Air Magic
 + Level 1.0 Earth Magic
 + Level 1.0 Poison Magic
 + Level 1.4 Invocations
 + Level 1.2 Evocations


You had 5 spell levels left.
You didn't know any spells.
Your spell library was empty.

Dungeon Overview and Level Annotations

Branches:
Dungeon (3/15)

Altars:
Elyvilon
Hepliaklqana
Kikubaaqudgha
Xom
Zin
The Shining One

Annotations:
D:3 Grinder


Innate Abilities, Weirdness & Mutations

Your experience applies equally to all skills.
You have very sharp teeth.
Your uncanny sense of smell can sniff out nearby items.


Message History

Grinder is almost dead.
Grinder closely misses you.
You barely miss Grinder.
Grinder is almost dead.
Grinder blinks!
Grinder gestures at you.
You suddenly lose the ability to move!
Grinder blinks!
Grinder gestures at you. Pain shoots through your body!
* * * LOW HITPOINT WARNING * * *
You can move again.
Grinder gestures at you. Pain shoots through your body!
* * * LOW HITPOINT WARNING * * *
You barely miss Grinder.
Grinder is almost dead.
Grinder hits you!
You die...
Xom bursts into laughter!

.....).#....! #.#
..))...#...#.###.#
###†####...#..##.# #.#
#)..##.##.#
#.####...##.##.#
#............#.#######
#.....................
##.............#######
####..........#.@.......
#..†..........#.5#######
#.......$.....#.>..
#.............##.###
...##########.##.# ...#
####.# ...## #.# #...#
#.# #...## #.#


You could see Grinder.

Vanquished Creatures
  A hound zombie (D:3)
  3 adders
  3 worms (D:2)
  2 dart slugs (D:1)
  2 leopard geckos (D:1)
  An orc (D:3)
  2 ball pythons
  9 bats
  4 giant cockroaches
  6 hobgoblins
  2 jackals (D:2)
  2 quokkas
  2 frilled lizards
  7 goblins (D:1)
  5 kobolds
  3 rats (D:2)
54 creatures vanquished.

Vanquished Creatures (collateral kills)
  A jackal (D:2)
1 creature vanquished.

Grand Total: 55 creatures vanquished

Notes
Turn   | Place    | Note
-------+----------+-------------------------------------------
     0 | D:1      | Revguard the Gnoll Chaos Knight began the quest for the
                  | Orb.
     0 | D:1      | Reached XP level 1. HP: 23/23 MP: 1/1
   111 | D:1      | XOM: potion effect (brilliance)
   120 | D:1      | Reached XP level 2. HP: 25/29 MP: 2/2
   210 | D:1      | XOM: divination: detect items
   319 | D:1      | Found an ancient bone altar of Kikubaaqudgha.
   323 | D:1      | Found a glowing golden altar of the Shining One.
   323 | D:1      | Found a sacrificial altar of Ru.
   325 | D:1      | Found a white marble altar of Elyvilon.
   325 | D:1      | Found a shimmering altar of Xom.
   325 | D:1      | Found a shimmering altar of Xom.
   409 | D:1      | Reached XP level 3. HP: 33/35 MP: 3/3
   723 | D:1      | XOM: harmless Conj miscast
   912 | D:2      | Reached skill level 1 in Invocations
   978 | D:2      | Reached skill level 1 in Short Blades
   978 | D:2      | Reached skill level 1 in Long Blades
   978 | D:2      | Reached skill level 1 in Maces & Flails
   978 | D:2      | Reached skill level 1 in Polearms
   978 | D:2      | Reached skill level 1 in Staves
   978 | D:2      | Reached skill level 1 in Slings
   978 | D:2      | Reached skill level 1 in Bows
   978 | D:2      | Reached skill level 1 in Crossbows
   978 | D:2      | Reached skill level 1 in Throwing
   978 | D:2      | Reached skill level 1 in Stealth
   978 | D:2      | Reached skill level 1 in Shields
   978 | D:2      | Reached skill level 1 in Unarmed Combat
   978 | D:2      | Reached skill level 1 in Spellcasting
   978 | D:2      | Reached skill level 1 in Evocations
  1028 | D:2      | XOM: confuse monster(s)
  1035 | D:2      | Reached XP level 4. HP: 16/41 MP: 5/5
  1064 | D:2      | XOM: cast spell 'Call Canine Familiar'
  1278 | D:2      | XOM: medium Pois miscast
  1315 | D:2      | XOM: cloud trail
  1507 | D:2      | XOM: harmless Chrm miscast
  1581 | D:2      | Found a hazy altar of Hepliaklqana.
  1581 | D:2      | Found an ancient bone altar of Kikubaaqudgha.
  1651 | D:2      | Found a glowing silver altar of Zin.
  1651 | D:2      | Found a white marble altar of Elyvilon.
  1651 | D:2      | Found a glowing golden altar of the Shining One.
  1800 | D:3      | Reached skill level 1 in Conjurations
  1800 | D:3      | Reached skill level 1 in Hexes
  1800 | D:3      | Reached skill level 1 in Charms
  1800 | D:3      | Reached skill level 1 in Summonings
  1800 | D:3      | Reached skill level 1 in Necromancy
  1800 | D:3      | Reached skill level 1 in Translocations
  1800 | D:3      | Reached skill level 1 in Transmutations
  1800 | D:3      | Reached skill level 1 in Fire Magic
  1800 | D:3      | Reached skill level 1 in Ice Magic
  1800 | D:3      | Reached skill level 1 in Air Magic
  1800 | D:3      | Reached skill level 1 in Earth Magic
  1800 | D:3      | Reached skill level 1 in Poison Magic
  1803 | D:3      | Noticed Grinder
  1805 | D:3      | XOM: potion effect (agility)
  1808 | D:3      | XOM: divination: detect creatures
  1812 | D:3      | XOM: potion effect (curing)
  1813 | D:3      | Paralysed by Grinder for 3 turns
  1820 | D:3      | Paralysed by Grinder for 3 turns
  1826 | D:3      | Slain by Grinder

Skill      XL: |  1  2  3  4 |
---------------+-------------+-----
Invocations    | 1 |  1.4
Short Blades   | 1 |  1.2
Long Blades    | 1 |  1.2
Maces & Flails | 1 |  1.2
Polearms       | 1 |  1.2
Staves         | 1 |  1.2
Slings         | 1 |  1.2
Bows           | 1 |  1.2
Crossbows      | 1 |  1.2
Throwing       | 1 |  1.2
Stealth        | 1 |  1.2
Shields        | 1 |  1.2
Unarmed Combat | 1 |  1.2
Spellcasting   | 1 |  1.2
Evocations     | 1 |  1.2
Conjurations   | 1 |  1.0
Hexes          | 1 |  1.0
Charms         | 1 |  1.0
Summonings     | 1 |  1.0
Necromancy     | 1 |  1.0
Translocations | 1 |  1.0
Transmutations | 1 |  1.0
Fire Magic     | 1 |  1.0
Ice Magic      | 1 |  1.0
Air Magic      | 1 |  1.0
Earth Magic    | 1 |  1.0
Poison Magic   | 1 |  1.0
Fighting       | |  6.6
Axes           | |  6.6
Armour         | |  4.7
Dodging        | |  2.8

Action                   |  1- 3 |  4- 6 || total
-------------------------+-------+-------++-------
Melee: Hand axe          |    91 |    55 ||   146
       Bite              |    10 |     4 ||    14
       Punch             |       |     1 ||     1
  Use: Potion            |     1 |     5 ||     6
 Stab: Sleeping          |       |     2 ||     2
  Eat: Ration            |       |     1 ||     1
Armor: Leather armour    |    33 |    12 ||    45
Dodge: Dodged            |    73 |    33 ||   106
